 Dungeon Crawl Stone Soup version 0.17.1-1-g73c8601 (webtiles) character file.

88 Beldrama the Firebug (level 4, -4/25 HPs)
             Began as a Gargoyle Fire Elementalist on Dec 13, 2015.
             Killed from afar by an orc wizard (7 damage)
             ... with a magic dart
             ... on level 2 of the Dungeon.
             The game lasted 00:11:05 (1838 turns).

Beldrama the Firebug (Gargoyle Fire Elementalist)   Turns: 1838, Time: 00:11:05

Health: -4/25      AC:  6    Str: 12    XL:     4   Next: 54%
Magic:  0/7        EV: 12    Int: 16    God:
Gold:   109        SH:  0    Dex: 10    Spells: 3 memorised, 2 levels left

rFire  . . .     SeeInvis .     (no weapon)
rCold  . . .     Clarity  +     a - +1 robe
rNeg   + . .     SustAt   .     (no shield)
rPois  ∞         Gourm    .     (no helmet)
rElec  +         Spirit   .     (no cloak)
rCorr  .         Warding  .     (no gloves)
rMut   .         Stasis   .     (no boots)
MR     .....                    (no amulet)
Stlth  ++........               (no ring)
                                (no ring)

@: very slightly contaminated, not resistant to hostile enchantments, unstealthy
A: berserk 1, clarity, negative energy resistance 1, electricity resistance,
unbreathing, petrification resistance, rot immunity, AC +3
a: no special abilities


You were on level 2 of the Dungeon.
You were very hungry.

You visited 1 branch of the dungeon, and saw 3 of its levels.

You collected 109 gold pieces.

Inventory:

Armour
 a - a +1 robe (worn)
Scrolls
 d - 3 scrolls of teleportation
 f - 2 scrolls of blinking
 h - a scroll of remove curse
 i - a scroll of enchant armour
 j - 2 scrolls of identify
Potions
 e - a potion of curing
Books
 b - a book of Flames

   Spells                             Type                      Level
   a - Flame Tongue                   Conjuration/Fire             1
   b - Throw Flame                    Conjuration/Fire             2
   c - Conjure Flame                  Conjuration/Fire             3
   d - Inner Flame                    Hexes/Fire                   3
   e - Sticky Flame                   Conjuration/Fire             4
   f - Fireball                       Conjuration/Fire             5
Comestibles
 c - 3 bread rations
 g - 4 fruits


   Skills:
 * Level 1.2 Fighting
 * Level 1.7 Dodging
 - Level 2.1 Stealth
 * Level 2.5 Spellcasting
 * Level 2.5 Conjurations
 * Level 3.9 Fire Magic


You had 2 spell levels left.
You knew the following spells:

 Your Spells              Type           Power        Failure   Level  Hunger
a - Flame Tongue          Conj/Fire      ##...        8%          1    #......
b - Throw Flame           Conj/Fire      ##....       10%         2    ##.....
c - Conjure Flame         Conj/Fire      ##......     17%         3    ###....


Dungeon Overview and Level Annotations

Branches:
Dungeon (3/15)

Altars:
Ashenzari
Elyvilon
Ru
Trog


Innate Abilities, Weirdness & Mutations

You are resistant to torment.
Your stone body is resilient (AC +3).
You are immune to poison.
You resist negative energy.
You are resistant to electric shocks.
You can survive without breathing.
You are immune to petrification.
You are immune to rotting.
You tend to lose your temper in combat.
You possess an exceptional clarity of mind.


Message History

You are very lightly contaminated with residual magic.
Wisps of smoke drift from your hands.
The orc wizard gestures at you while chanting.
You feel momentarily confused.
Casting: Flame Tongue
Confirm with . or Enter, or press ? or * to list all spells.
You don't have enough magic to cast that spell.
Unknown command.
Drink which item? (? for menu, Esc to quit)
Okay, then.
Read which item? (? for menu, Esc to quit)
Okay, then.
The orc wizard gestures at you while chanting.
You feel momentarily confused.
The orc wizard gestures at you while chanting.
The puff of flame hits you!
* * * LOW HITPOINT WARNING * * *
The orc wizard gestures at you while chanting.
The magic dart hits you!
You die...

▒▒▒▒▒▒▒▒▒
▒▒▒▒▒▒▒▒▒▒▒▒▒∙∙∙∙∙∙∙▒
▒▒∙<∙∙∙∙∙∙∙∙∙∙∙▒▒▒▒▒∙▒
▒▒▒▒▒∙∙∙▒▒▒▒▒▒▒▒▒▒▒▒ ▒∙▒
▒▒▒▒∙∙∙∙∙▒∙∙∙@∙∙∙∙∙∙▒
▒∙▒
▒▒▒▒∙∙∙∙∙∙∙∙∙o▒▒▒▒▒▒▒▒∙▒
▒▒▒∙▒▒ ▒∙∙∙∙∙∙∙∙∙∙∙∙>∙▒
▒∙▒▒▒▒▒∙∙∙∙∙
∙∙∙∙∙[∙∙∙∙∙∙∙[∙▒▒▒▒▒
▒∙∙∙∙∙∙▒∙∙▒▒
▒∙∙∙∙∙∙∙∙∙∙∙∙∙∙∙∙∙∙▒
▒▒▒▒▒▒▒∙∙∙∙▒
▒▒▒▒∙∙∙∙∙∙∙∙∙∙∙▒▒▒∙▒
▒∙∙∙∙∙∙▒∙∙ ▒∙∙∙∙∙∙∙∙∙∙∙▒
▒∙▒ ▒∙▒▒▒▒∙∙∙∙
▒∙∙∙∙∙∙∙▒∙▒▒▒ ▒∙▒ ▒∙▒
▒▒∙▒∙ ▒▒▒▒∙▒▒▒▒∙∙▒▒▒▒∙▒
▒∙▒ ▒∙▒∙


You could see an orc wizard.

Vanquished Creatures
  An adder (D:3)
  A worm (D:2)
  3 giant geckos
  5 orcs
  6 bats
  4 giant cockroaches
  5 goblins
  2 hobgoblins (D:1)
  2 jackals (D:1)
  5 giant newts (D:1)
  5 kobolds
  6 rats
45 creatures vanquished.

Vanquished Creatures (others)
  An orc wizard (D:3)
1 creature vanquished.

Grand Total: 46 creatures vanquished

Notes
Turn   | Place    | Note
--------------------------------------------------------------
     0 | D:1      | Beldrama the Gargoyle Fire Elementalist began the quest for the Orb.
     0 | D:1      | Reached XP level 1. HP: 10/10 MP: 3/3
   250 | D:1      | Reached XP level 2. HP: 15/15 MP: 3/5
   254 | D:1      | Learned a level 2 spell: Throw Flame
   736 | D:1      | Reached XP level 3. HP: 20/20 MP: 4/6
   987 | D:2      | Learned a level 3 spell: Conjure Flame
  1143 | D:2      | Found a bloodstained altar of Trog.
  1144 | D:2      | Found a shattered altar of Ashenzari.
  1146 | D:2      | Found a white marble altar of Elyvilon.
  1147 | D:2      | Found a sacrificial altar of Ru.
  1403 | D:2      | Gained mutation: You tend to lose your temper in combat. [potion of mutation]
  1403 | D:2      | Gained mutation: You possess an exceptional clarity of mind. [potion of mutation]
  1552 | D:3      | Reached XP level 4. HP: 20/24 MP: 3/7
  1704 | D:3      | Reached skill level 1 in Fighting
  1838 | D:2      | Killed from afar by an orc wizard

Action                   |  1- 3 |  4- 6 || total
-------------------------+-------+-------++-------
 Cast: Flame Tongue      |    67 |    21 ||    88
  Use: Scroll            |     8 |       ||     8
       Potion            |     4 |       ||     4
  Eat: Chunk             |     3 |       ||     3
